 Dungeon Crawl Stone Soup version 0.32-a0-975-g85d4e5bfdb (webtiles) character file.

Game seed: 3746778292742460949

455 Maxmaps the Trooper (level 6, -2/48 HPs)
             Began as a Demonspawn Shapeshifter on Apr 19, 2024.
             Killed from afar by an acid dragon (15 damage)
             ... with a splash of acid
             ... on level 4 of the Dungeon.
             The game lasted 00:05:43 (3035 turns).

Maxmaps the Trooper (Demonspawn Shapeshifter)       Turns: 3035, Time: 00:05:43

Health: -2/48      AC:  4    Str: 14    XL:     6   Next: 76%
Magic:  0/6        EV: 11    Int: 12    God:
Gold:   244        SH:  0    Dex: 19    Spells: 5/5 levels left

rFire   + . .        u - +1 whip (venom)
rCold   . . .        (no shield)
rNeg    . . .        a - +0 animal skin
rPois   .            (helmet currently unavailable)
rElec   .            (cloak currently unavailable)
rCorr   .            (gloves currently unavailable)
SInv    .            (boots currently unavailable)
Will    .....        e - amulet of guardian spirit
Stlth   ++           t - ring of protection from fire
HPRegen 0.28/turn    o - +6 ring of dexterity
MPRegen 0.10/turn

%: guardian spirit
@: beast-form
A: beast (slay +2), yellow scales 1, powered by death 2, demonic touch 1
a: Begin Untransformation


You were on level 4 of the Dungeon.
You were a hulking beast.
You visited 1 branch of the dungeon, and saw 4 of its levels.

You collected 244 gold pieces.

Inventory:

Hand Weapons
 u - a +1 whip of venom (weapon)
Armour
 a - a +0 animal skin (worn)
Jewellery
 e - an amulet of guardian spirit (around neck)
 o - a +6 ring of dexterity (right hand)
 t - a ring of protection from fire (left hand)
Talismans
 c - a beast talisman (active)
 d - a flux talisman
Wands
 q - a wand of polymorph (11)
Scrolls
 h - a scroll of noise
 l - 4 scrolls of teleportation
 m - 3 scrolls of vulnerability
Potions
 b - a potion of lignification
 j - a potion of heal wounds {unknown}
 k - 2 potions of degeneration
 n - a potion of haste {unknown}
 p - 3 potions of curing
 r - 2 potions of attraction


   Skills:
 - Level 4.0 Fighting
 + Level 2.8 Maces & Flails
 - Level 2.0 Dodging
 - Level 3.7 Unarmed Combat
 - Level 4.0 Shapeshifting


You had 5 spell levels left.
You didn't know any spells.
Your spell library contained the following spells:

 Spells                   Type           Power      Damage    Failure   Level
 Blink                    Tloc           0%         N/A       45%         2
 Lesser Beckoning         Tloc           0%         N/A       45%         2
 Momentum Strike          Conj/Tloc      0%         3d8       45%         2
 Static Discharge         Conj/Air       0%         3-3/arc   45%         2
 Airstrike                Air            0%         2d(0-16)  97%         4
 Summon Lightning Spire   Summ/Air       0%         N/A       97%         4


Dungeon Overview and Level Annotations

Branches:
Dungeon (4/15)
 Temple: D:4-7

Altars:

Shops:
D:1 ?


Innate Abilities, Weirdness & Mutations

You are a hulking beast.
Your limbs bulge with bestial killing power. (Slay +2)
You are partially covered in yellow scales. (AC +2)
You regenerate health from kills.
Your touch may inflict minor irresistible damage on your foes.


Message History

Unknown command.
You hit the endoplasm.
The endoplasm is moderately wounded.
The endoplasm freezes you.
You are frozen.
You whack the endoplasm!
You kill the endoplasm!
You whack the dart slug!
The dart slug looks as sick as possible!
You touch the dart slug.
You kill the dart slug!
An acid dragon comes into view.
The acid dragon roars!
An acid dragon is nearby!
An acid dragon is nearby!
An acid dragon is nearby!
The acid dragon spits acid at you. The splash of acid misses you.
An acid dragon is nearby!
You hit the acid dragon but do no damage.
The acid dragon is poisoned.
The acid dragon bites you! The acid dragon barely misses you.
You hit the acid dragon.
The acid dragon is moderately wounded.
The acid dragon barely misses you. The acid dragon claws you.
You closely miss the acid dragon.
The acid dragon is moderately wounded.
The acid dragon bites you!
* * * LOW HITPOINT WARNING * * *
The acid dragon claws you.
* * * LOW HITPOINT WARNING * * *
You are too injured to fight recklessly!
You barely miss the acid dragon.
You touch the acid dragon!
The acid dragon is severely wounded.
The acid dragon barely misses you. x2
You barely miss the acid dragon.
The acid dragon is severely wounded.
The acid dragon spits acid at you. The splash of acid hits you!!
You die...

#...# #.##..........###
#...# #.##..#######....
##.## #####.##..# #.##. #.#
#......#..# ####.##. ##.#
##.###.....# ##....##. #..#
#(.........###.....##.
#..###..###.##..##.......#.
#.........D................
#.##......h###.............
#.##.#####.# #..........)..
#.##.# #.###.#.#.......#.
##.##.# #.##..#.##....)...
#...#.# #.##.##.##....)<..
#...[.#####.##.##.##.##..###
#...#.......##.##.##.##..#
##)##..#.......##..).....###
##..#....##'##.......#......


You could see an acid dragon (poisoned, catching breath).

Vanquished Creatures
  A yak (D:4)
  A scorpion (D:4)
  A bombardier beetle (D:4)
  A hound (D:4)
  4 gnolls (D:2)
  3 adders
  7 dart slugs
  6 ribbon worms
  8 orcs
  11 endoplasms
  8 goblins
  5 hobgoblins
  6 jackals
  2 quokkas
  4 ball pythons
  5 bats
  A frilled lizard (D:1)
  5 kobolds
  9 rats
88 creatures vanquished.

Notes
Turn   | Place    | Note
-------+----------+-------------------------------------------
     0 | D:1      | Maxmaps the Demonspawn Shapeshifter began the quest for the
                  | Orb.
     0 | D:1      | Reached XP level 1. HP: 15/15 MP: 1/1
   159 | D:1      | Gained mutation: You regenerate a little health from kills.
                  | [demonic ancestry]
   159 | D:1      | Reached XP level 2. HP: 16/22 MP: 2/2
   432 | D:1      | Found a faded altar of an unknown god.
   620 | D:1      | Found Faeg's Magic Scroll Emporium.
   749 | D:1      | Gained mutation: You are partially covered in yellow
                  | scales. (AC +2) [demonic ancestry]
   749 | D:1      | Reached XP level 3. HP: 29/29 MP: 3/3
   818 | D:2      | Gained mutation: Your touch may inflict minor irresistible
                  | damage on your foes. [demonic ancestry]
   818 | D:2      | Reached XP level 4. HP: 17/37 MP: 4/4
  1836 | D:3      | Gained mutation: You regenerate health from kills. [demonic
                  | ancestry]
  1836 | D:3      | Reached XP level 5. HP: 42/42 MP: 5/5
  2891 | D:4      | Reached XP level 6. HP: 42/48 MP: 3/6
  3000 | D:4      | Noticed a yak
  3018 | D:4      | Killed a yak
  3027 | D:4      | Noticed an acid dragon
  3035 | D:4      | Killed from afar by an acid dragon

Illustrated notes

Levels and vault maps discovered:
D:1:      scummos_arrival_gate, layout_basic, hellmonk_ecumenical_altar_run_dry,
          serial_shops, shop, minivault_14
D:2:      layout_basic
D:3:      layout_loops_cross
D:4:      layout_loops_ring, minmay_divided_ellipse

Skill      XL: |  1  2  3  4  5  6 |
---------------+-------------------+-----
Fighting       | 2 3 4 |  4.0
Unarmed Combat | 3 |  3.7
Dodging        | 2 |  2.0
Shapeshifting  | 4 |  4.0
Maces & Flails | 2 |  2.8

Action                     |  1- 3 |  4- 6 || total
---------------------------+-------+-------++-------
  Melee: Unarmed           |    79 |   142 ||   221
         Touch             |       |    35 ||    35
         Punch             |       |     2 ||     2
         Whip              |       |    17 ||    17
    Use: Potion            |     1 |       ||     1
         Scroll            |       |     9 ||     9
   Stab: Distracted        |     1 |       ||     1
         Sleeping          |     1 |     1 ||     2
 Armour: Animal skin       |    46 |    83 ||   129
         Skin              |     5 |       ||     5
  Dodge: Dodged            |    38 |    81 ||   119

Table legend: (Time is in decaauts)
 A = Elapsed time spent in this place.
 B = Non-inter-level travel time spent in this place.
 C = Inter-level travel time spent in this place.
 D = Time resting spent in this place.
 E = Time spent auto-exploring this place.
 F = Levels seen in this place.
 G = Mean time per level.
                   A        B        C        D        E       F      G
               +--------+--------+--------+--------+--------+-----+--------+
         Total |   3021 |   2931 |     90 |     67 |   2299 |   4 |  755.2 |
       Dungeon |   3021 |   2931 |     90 |     67 |   2299 |   4 |  755.2 |
               +--------+--------+--------+--------+--------+-----+--------+

Top non-repeatable levels by time:
     D:2: 800 daAuts
     D:4: 779 daAuts
     D:1: 769 daAuts
     D:3: 672 daAuts
